 Dungeon Crawl Stone Soup version 0.22-a0-433-gd2a9cce (webtiles) character file.

90 Gildeon the Conjurer (level 4, -2/24 HPs)
             Began as a Deep Elf Conjurer on May 27, 2018.
             Slain by Grinder (6 damage)
             ... on level 3 of the Dungeon.
             The game lasted 00:12:03 (1830 turns).

Gildeon the Conjurer (Deep Elf Conjurer)            Turns: 1830, Time: 00:12:03

Health: -2/24      AC:  3    Str: 10    XL:     4   Next: 32%
Magic:  2/13       EV: 13    Int: 21    God:
Gold:   115        SH:  0    Dex: 15    Spells: 7/13 levels left

rFire    . . .     SeeInvis .   h - +0 dagger (venom)
rCold    . . .     Gourm    .   (no shield)
rNeg     . . .     Faith    .   a - +0 robe
rPois    .         Spirit   .   b - +0 helmet
rElec    .         Reflect  .   (no cloak)
rCorr    .         Harm     .   (no gloves)
MR       .....                  (no boots)
Stlth    ++........             (no amulet)
HPRegen  0.08/turn              (no ring)
MPRegen  0.13/turn              (no ring)

@: mighty
A: no striking features
a: no special abilities


You were on level 3 of the Dungeon.
You were not hungry.

You visited 1 branch of the dungeon, and saw 3 of its levels.

You collected 115 gold pieces.

Inventory:

Hand Weapons
 e - a cursed -1 mace
 h - a +0 dagger of venom (weapon)
Armour
 a - a +0 robe (worn)
 b - a +0 helmet (worn)
Potions
 g - a potion of brilliance
 i - a potion of invisibility {unknown}
Comestibles
 c - 3 rations


   Skills:
 - Level 2.4 Dodging
 - Level 2.4 Stealth
 - Level 5.1 Spellcasting
 - Level 5.3 Conjurations


You had 7 spell levels left.
You knew the following spells:

 Your Spells              Type           Power        Failure   Level  Hunger
a - Magic Dart            Conj           ####         1%          1    None
b - Searing Ray           Conj           ####..       1%          2    None
c - Dazzling Spray        Conj/Hex       ###...       11%         3    ##.....

Your spell library contained the following spells:

 Spells                   Type           Power        Failure   Level  Hunger
 Iskenderun's Mystic Bla  Conj           ####....     12%         4    ####...
 Fulminant Prism          Conj/Hex       ###.......   34%         4    ####...
 Force Lance              Conj/Tloc      ###.....     34%         4    ####...


Dungeon Overview and Level Annotations

Branches:
Dungeon (3/15)

Altars:
Fedhas

Annotations:
D:3 Grinder


Message History

Grinder is lightly wounded.
Grinder misses you.
You feel very mighty all of a sudden.
Grinder blinks!
Grinder closely misses you.
You closely miss Grinder.
Grinder is lightly wounded.
Grinder barely misses you.
You closely miss Grinder.
Grinder is moderately wounded.
Grinder hits you!
You writhe in agony.
You hit Grinder but do no damage.
Grinder is moderately wounded.
Grinder hits you.
You puncture Grinder!
Grinder is heavily wounded.
Grinder hits you.
* * * LOW HITPOINT WARNING * * *
You writhe in agony.
You die...

.# .# #.# ####.#
#.#####....#
#...)...5..####!
######.@........
#.....####
##....# ####<#
#.......#
#.#######


You could see Grinder.

Vanquished Creatures
  Ijyb (D:3)
  3 adders (D:2)
  3 dart slugs
  2 ball pythons
  A giant cockroach (D:1)
  3 hobgoblins (D:1)
  5 jackals
  7 bats
  2 frilled lizards (D:2)
  A goblin (D:2)
  3 kobolds (D:1)
  3 rats
34 creatures vanquished.

Notes
Turn   | Place    | Note
-------+----------+-------------------------------------------
     0 | D:1      | Gildeon the Deep Elf Conjurer began the quest for the Orb.
     0 | D:1      | Reached XP level 1. HP: 10/10 MP: 6/6
   211 | D:1      | Reached XP level 2. HP: 15/15 MP: 7/9
   215 | D:1      | Learned a level 2 spell: Searing Ray
   959 | D:2      | Found a blossoming altar of Fedhas.
  1068 | D:2      | Reached skill level 5 in Spellcasting
  1068 | D:2      | Reached XP level 3. HP: 11/19 MP: 7/11
  1073 | D:2      | Learned a level 3 spell: Dazzling Spray
  1799 | D:3      | Noticed Ijyb
  1801 | D:3      | Noticed Grinder
  1814 | D:3      | Killed Ijyb
  1814 | D:3      | Reached skill level 5 in Conjurations
  1814 | D:3      | Reached XP level 4. HP: 22/24 MP: 1/13
  1815 | D:3      | Paralysed by Grinder for 4 turns
  1830 | D:3      | Slain by Grinder

Vault maps used:
D:1:      minmay_arrival_four_circles
D:2:      overflow_temple_1_default
D:3:      uniq_grinder, uniq_ijyb

Skill      XL: |  1  2  3 |
---------------+----------+-----
Spellcasting   | 4 5 |  5.1
Conjurations   | 5 |  5.3
Dodging        | |  2.4
Stealth        | |  2.4

Action                   |  1- 3 |  4- 6 || total
-------------------------+-------+-------++-------
Melee: Dagger            |    14 |     7 ||    21
 Cast: Magic Dart        |    54 |     2 ||    56
       Searing Ray       |     2 |       ||     2
  Use: Scroll            |     9 |       ||     9
       Potion            |       |     1 ||     1
 Stab: Sleeping          |     9 |       ||     9
  Eat: Chunk             |     3 |       ||     3
Armor: Robe              |     2 |     1 ||     3
Dodge: Dodged            |    22 |     4 ||    26

Table legend:
 A = Spawn XP
 B = Non-spawn XP
 C = Spawn XP percentage of total XP
 D = Spawn monster count
 E = Non-spawn monster count
 F = Spawn count percentage of total count
 G = Total turns spent on level
                    A         B        C        D         E        F      G
               +---------+---------+-------+---------+---------+-------+---------
         Total |       0 |     129 |   0.0 |       0 |      34 |   0.0 |  1830
               +---------+---------+-------+---------+---------+-------+---------
           D:1 |       0 |      30 |   0.0 |       0 |      18 |   0.0 |   834
           D:2 |       0 |      61 |   0.0 |       0 |      15 |   0.0 |   965
           D:3 |       0 |      38 |   0.0 |       0 |       1 |   0.0 |    31
               +---------+---------+-------+---------+---------+-------+---------
